[Event "Live Chess"]
[Site "Chess.com"]
[Date "2024.06.01"]
[Round "-"]
[White "willc-h99"]
[Black "ShanthamGrarks"]
[Result "1-0"]
[WhiteElo "2642"]
[BlackElo "1925"]
[TimeControl "300"]
[EndTime "10:38:48 PDT"]
[Termination "willc-h99 won by resignation"]

1. Nc3 e6 2. d4 d5 3. Bf4 Nf6 4. e3 Bd6 5. Nf3 Bxf4 6. exf4 c6 7. Ne5 O-O 8. g4 Ne4 9. Bd3 Nxc3 10. bxc3 f6 11. Nf3 Qc7 12. Qd2 Nd7 13. Rg1 e5 14. fxe5 fxe5 15. Ng5 e4 16. Ne6 Qd6 17. Nxf8 exd3 18.
Nxd7 Bxd7 19. Qxd3 Re8+ 20. Kf1 Qxh2 21. Qg3 Qh6 22.
g5 Qg6 23. Re1 Rf8 24. Kg2 Qxc2 25. Re7 Bf5 26. Rf1 Be4+ 27. Kg1 Qe2 28. Rxb7 Qh5 29.
f3 Bd3 30. Re1 h6 31. Rb8 Rxb8 32. Qxb8+ Kh7 33. Qg3 Bg6 34. Re5 hxg5 35. Rxg5 Qh6 36.
f4 Be4 37. Qh2 Qxh2+ 38. Kxh2 g6 39. Re5 Kh6 40. Re7 a6 41. Kg3 Bd3 42. Re6 Bb5 43. f5 Kg7 44. Rxg6+ Kf7 45. Kf4 Bd3 46. Ke5 c5 47. Rxa6 Bxa6 48. dxc5 Bc8 49. f6 Be6 50. a4 Bc8 51. a5 Ke8 52. c6 Kf7 53. c7 Ke8 54. Kxd5 Kd7 55. Ke5 Kxc7 56. f7 Kc6 57. f8=Q Bd7 58. Qd6+ Kb5 59. Qxd7+ Kc4 60. Qd4+ Kb3 61.
Qb4+ Kc2 62. c4 Kd3 63. c5 Ke3 64. Qd4+ Kf3 65. Qe3+ Kxe3 66. c6 Kd3 67. c7 Kc4 68. c8=Q+ Kd3 69. a6 Ke3 70. a7 Kf3 71. a8=Q+ 1-0

[Event "Live Chess"]
[Site "Chess.com"]
[Date "2024.06.01"]
[Round "-"]
[White "Rusty_Bridges"]
[Black "degringolade64"]
[Result "0-1"]
[WhiteElo "1496"]
[BlackElo "2049"]
[TimeControl "300"]
[EndTime "10:39:11 PDT"]
[Termination "degringolade64 won by resignation"]

1. e4 e5 2. f4 exf4 3. Nf3 d6 4. Bc4 h6 5. d4 g5 6. g3 Nc6 7. gxf4 g4 8. O-O gxf3 9. Rxf3 Bg4 10. Be3 Qh4 11. d5 Nce7 12. Bd4 Nf6 13. Qf1 Bxf3 14. Qxf3 Rg8+ 15. Kh1 Qe1+ 16. Bf1 Qxe4 0-1

[Event "Live Chess"]
[Site "Chess.com"]
[Date "2024.06.01"]
[Round "-"]
[White "nitrofish07"]
[Black "Inglaterra"]
[Result "0-1"]
[WhiteElo "2131"]
[BlackElo "2046"]
[TimeControl "300"]
[EndTime "10:39:19 PDT"]
[Termination "Inglaterra won by resignation"]

1. d4 d5 2. c4 e6 3. g3 Nf6 4. Bg2 Bb4+ 5. Nd2 O-O 6. Nf3 b6 7. O-O Bb7 8. Ne5 Bd6 9. Qc2 Nbd7 10. Nxd7 Qxd7 11. e4 dxe4 12. Nxe4 Nxe4 13. Bxe4 Bxe4 14. Qxe4 c5 15. Be3 Rac8 16. b3 Rfd8 17. Rad1 Qe7 18. d5 exd5 19. Qxe7 Bxe7 20. cxd5 Rd7 21. Bf4 Rcd8 22. Rfe1 Kf8 23. d6 Bxd6 24. Bxd6+ Rxd6 25. Rxd6 Rxd6 26. Re2 g6 27. Kg2 b5 28. Rc2 Rc6 29. h4 Ke7 30. Kf3 Ke6 31. Ke4 f5+ 32.
Ke3 h5 33. f4 a6 34. a3 Rc8 35. Kf3 c4 36. bxc4 Rxc4 37. Re2+ Kd5 38. Re5+ Kd6 39. Re3 a5 40. Ke2 b4 41. Kd2 bxa3 42. Rxa3 a4 43.
Kd3 Rb4 44. Kc3 Re4 45. Kd3 Kd5 46. Rc3 Rd4+ 47. Ke3 Rb4 48. Rc8 Rb3+ 49. Kf2 a3 50. Ra8 Kc4 51. Ra6 Kc3 52. Rxg6 Kb2 0-1

[Event "Live Chess"]
[Site "Chess.com"]
[Date "2024.06.01"]
[Round "-"]
[White "hapehansen"]
[Black "GEMdzq"]
[Result "0-1"]
[WhiteElo "2239"]
[BlackElo "2326"]
[TimeControl "300"]
[EndTime "10:39:23 PDT"]
[Termination "GEMdzq won by resignation"]

1. Nf3 c5 2. c4 Nf6 3. Nc3 g6 4. g3 Bg7 5. Bg2 O-O 6. O-O d5 7. d4 cxd4 8. Nxd4 e5 9. Nf3 d4 10. Nb5 Nc6 11. e3 a6 12. Na3 Bg4 13. h3 Bxf3 14.
Bxf3 e4 15. Bg2 d3 16. Nb1 Re8 17. Nd2 Rc8 18. Rb1 b5 19. b3 bxc4 20. bxc4 Na5 21.
Qa4 Nd7 22. Ba3 f5 23. Rfc1 Nc5 24. Bxc5 Rxc5 25. Qb4 Qc7 26. Qb6 Rc8 27. Qe6+ Qf7 28.
Qxf7+ Kxf7 29. f3 Nxc4 30. Nb3 R5c7 31. fxe4 Nxe3 32. Rxc7+ Rxc7 33. exf5 gxf5 34. Bf3 Rc2 35. a4 Bc3 36. Rc1 d2 37. Rxc2 Nxc2 38. Kf1 Ne3+ 39. Kf2 d1=Q 40. Bxd1 Nxd1+ 41. Ke2 Nb2 42. Nc5 a5 43. g4 fxg4 44. hxg4 Bb4 45. Ne4 Nxa4 46. Kd3 Nc5+ 47. Nxc5 Bxc5 48. Kc4 Bb4 49. Kb3 Kg6 50. Ka4 Kg5 51. Kb3 Kxg4 52. Ka4 h5 0-1

[Event "Live Chess"]
[Site "Chess.com"]
[Date "2024.06.01"]
[Round "-"]
[White "bill77678"]
[Black "Richardallis"]
[Result "0-1"]
[WhiteElo "1823"]
[BlackElo "1966"]
[TimeControl "300"]
[EndTime "10:39:23 PDT"]
[Termination "Richardallis won by resignation"]

1. e4 d5 2. exd5 Nf6 3. d4 Nxd5 4. Nf3 c6 5. Be2 Bg4 6. O-O e6 7. c4 Nf6 8. Nc3 Bd6 9. Bg5 Nbd7 10. Ne4 Be7 11.
Nxf6+ Nxf6 12. Re1 h6 13. Bh4 O-O 14. Qd2 Ne4 15.
Bxe7 Nxd2 16. Bxd8 Bxf3 17. gxf3 Rfxd8 0-1

[Event "Live Chess"]
[Site "Chess.com"]
[Date "2024.06.01"]
[Round "-"]
[White "NeilDruggan73"]
[Black "defenderalist"]
[Result "0-1"]
[WhiteElo "1739"]
[BlackElo "1509"]
[TimeControl "300"]
[EndTime "10:39:28 PDT"]
[Termination "defenderalist won on time"]

1. d4 Nf6 2. Bg5 e6 3. e4 Be7 4. e5 Nd5 5. Bxe7 Nxe7 6. Nf3 d6 7. Bd3 Nbc6 8. c3 dxe5 9. dxe5 Bd7 10. O-O O-O 11. Ng5 Ng6 12. Qh5 h6 13. f4 hxg5 14. Rf3 Be8 15. Rh3 f5 16. exf6 Qxf6 17. Qh7+ Kf7 18.
Nd2 Rh8 19. Bxg6+ Qxg6 20. Qxh8 Rd8 21. fxg5 Rxd2 22. Rf1+ Ke7 23. Qf8+ Kd8 24. b4 Ne7 25. Qf4 Nd5 26. Qc4 a6 27. a4 Bxa4 28. Qc5 Bc6 29. Rf8+ Kd7 30. Rf1 Nxc3 31. b5 Rxg2+ 32. Kh1 Qe4 33.
bxc6+ bxc6 34. Qg1 Rxg1+ 35. Kxg1 Ne2+ 36. Kf2 Nd4 37. Rd1 Qe2+ 0-1

[Event "Live Chess"]
[Site "Chess.com"]
[Date "2024.06.01"]
[Round "-"]
[White "mychess51"]
[Black "viktorskliarov"]
[Result "0-1"]
[WhiteElo "1855"]
[BlackElo "2643"]
[TimeControl "300"]
[EndTime "10:39:45 PDT"]
[Termination "viktorskliarov won on time"]

1. d4 Nf6 2. Nf3 g6 3. g3 Bg7 4. Bg2 O-O 5. O-O c6 6. c4 d5 7.
Nc3 dxc4 8. Re1 Nd5 9. e4 Nxc3 10.
bxc3 b5 11. a3 Nd7 12. Bf4 Bb7 13. Qd2 e6 14. Bh6 c5 15. Bxg7 Kxg7 16. Rad1 Qf6 17. e5 Qe7 18. Qe3 cxd4 19. cxd4 Nb6 20. Rb1 Nd5 21. Qc1 a6 22. a4 Bc6 23. h4 h6 24.
Nh2 Rac8 25. Bxd5 Bxd5 26. Ng4 Rh8 27. Nf6 b4 28. h5 c3 29. hxg6 fxg6 30. Nxd5 exd5 31.
Qc2 a5 32. e6 Rhf8 33. Re5 Rcd8 34. Qb3 Rf6 35. Rbe1 Rd6 36. Rxd5 Rfxe6 37. Rde5 Rxe5 38.
Rxe5 Qc7 39. Rc5 Rc6 0-1

[Event "Live Chess"]
[Site "Chess.com"]
[Date "2024.06.01"]
[Round "-"]
[White "educatedlad"]
[Black "gmnorfolk"]
[Result "0-1"]
[WhiteElo "1764"]
[BlackElo "2149"]
[TimeControl "300"]
[EndTime "10:39:51 PDT"]
[Termination "gmnorfolk won by checkmate"]

1. d4 Nf6 2. Bg5 d5 3. e3 c5 4. Bxf6 gxf6 5. dxc5 e5 6. Nc3 Be6 7. Qf3 e4 8. Qh5 Bxc5 9. Bb5+ Nc6 10. Nge2 a6 11. Bxc6+ bxc6 12. Nf4 Qc8 13. Nxe4 Be7 14. Nxe6 Qxe6 15. Nc3 d4 16. Ne2 dxe3 17. O-O O-O 18. Nf4 Qe4 19. fxe3 Kh8 20. Rf3 Rg8 21. Rh3 Rg7 22.
Rf1 Rag8 23. Rff3 Qxc2 24. Rfg3 Qc1+ 25. Kf2 Qxb2+ 26. Ne2 Qe5 27. Rxg7 Rxg7 28. Qxe5 fxe5 29. Ng3 Rg6 30. Nf5 Bf8 31. e4 c5 32. Nh4 Rc6 33. Nf3 f6 34. Nh4 c4 35. Ke2 c3 36. Kd1 c2+ 37. Kc1 Bb4 38. Rd3 Bc3 39. Nf5 Bb2+ 40. Kxb2 c1=Q+ 41. Kb3 Qb1+ 42. Ka4 Qb5+ 43. Ka3 Qxd3+ 44.
Ka4 Qb5+ 45. Ka3 Rc3# 0-1

[Event "Live Chess"]
[Site "Chess.com"]
[Date "2024.06.01"]
[Round "-"]
[White "chessfiction"]
[Black "elephantgerrald"]
[Result "1-0"]
[WhiteElo "2421"]
[BlackElo "756"]
[TimeControl "300"]
[EndTime "10:40:29 PDT"]
[Termination "chessfiction won by checkmate"]

1. e4 e5 2. Nf3 Nc6 3. Bc4 Nf6 4. d3 Bc5 5. c3 Ng4 6. O-O O-O 7. d4 exd4 8. cxd4 Bd6 9. e5 Be7 10. Nc3 d6 11. h3 Nh6 12. Bxh6 gxh6 13. Qd2 dxe5 14. Qxh6 Bf6 15. Ne4 exd4 16. Nxf6+ Kh8 17. Qxh7# 1-0

[Event "Live Chess"]
[Site "Chess.com"]
[Date "2024.06.01"]
[Round "-"]
[White "AnotherOneBadPlayer"]
[Black "grillage"]
[Result "1-0"]
[WhiteElo "2225"]
[BlackElo "1883"]
[TimeControl "300"]
[EndTime "10:40:30 PDT"]
[Termination "AnotherOneBadPlayer won by resignation"]

1. Nf3 Nf6 2. b3 d5 3. Bb2 Bg4 4. h3 Bxf3 5. exf3 e6 6. Be2 Be7 7. O-O c5 8. d3 Nc6 9. Nd2 Qc7 10. a4 O-O 11. g3 Rac8 12. f4 Nh5 13. Bxh5 1-0

[Event "Live Chess"]
[Site "Chess.com"]
[Date "2024.06.01"]
[Round "-"]
[White "chess5013"]
[Black "missedJariChance"]
[Result "0-1"]
[WhiteElo "1233"]
[BlackElo "1354"]
[TimeControl "300"]
[EndTime "10:40:37 PDT"]
[Termination "missedJariChance won by checkmate"]

1. d4 d5 2. Bf4 e6 3. e3 c5 4. c3 Nc6 5. Nd2 Bd6 6. Bg3 Nf6 7. Ngf3 O-O 8. Bd3 Re8 9. Qc2 e5 10. dxe5 Nxe5 11. Nxe5 Bxe5 12. Nf3 Bc7 13. Bh4 c4 14. Bxf6 Qxf6 15. Be2 Bf5 16. Qd2 Rad8 17. O-O Be4 18. b3 Qh6 19. h3 Qd6 20. g3 Qh6 21. Kh2 Qf6 22. Nd4 h6 23. bxc4 dxc4 24. Bxc4 Bb6 25. Bd3 Rd5 26. Rab1 Bxd3 27. Qxd3 Rh5 28. Qe2 Rc5 29.
Rb3 Qg6 30. Qg4 Rg5 31. Qf3 Bxd4 32. cxd4 b6 33. a4 Qc2 34. Rb5 Qxa4 35. Rxg5 hxg5 36. Qb7 Qb5 37. Kg2 a6 38. d5 a5 39. d6 Rd8 40.
Qc7 Qd7 41. Qxd7 Rxd7 42. Rb1 Rxd6 43. Kf3 f6 44. Ke4 Kf7 45. f4 gxf4 46. exf4 a4 47. Rb4 a3 48. Ra4 b5 49. Rxa3 Rb6 50. Rb3 b4 51. Kd4 Kg6 52. g4 f5 53. g5 Kh5 54.
Kc4 Kh4 55. Rxb4 Rxb4+ 56. Kxb4 Kxh3 57. Kc5 Kg4 58. Kd5 Kxf4 59. Kd4 Kxg5 60. Ke3 Kg4 61. Ke2 Kg3 62. Ke3 f4+ 63. Ke2 Kg2 64. Ke1 f3 65.
Kd2 f2 66. Ke3 f1=Q 67. Kd4 Qe2 68. Kd5 Kf3 69. Kd6 Ke4 70. Kc6 Qd3 71. Kc7 Kd5 72. Kb7 Qb5+ 73. Ka8 Kc6 74. Ka7 Qb7# 0-1

[Event "Live Chess"]
[Site "Chess.com"]
[Date "2024.06.01"]
[Round "-"]
[White "PureDashingOctopus"]
[Black "Ksenia_2013"]
[Result "1-0"]
[WhiteElo "2234"]
[BlackElo "768"]
[TimeControl "300"]
[EndTime "10:40:50 PDT"]
[Termination "PureDashingOctopus won by checkmate"]

1. e4 e5 2. Nf3 Nc6 3. Bb5 Bc5 4. c3 Nf6 5. d4 exd4 6. e5 Nxe5 7. Nxe5 O-O 8. cxd4 Bb4+ 9. Bd2 Bxd2+ 10. Nxd2 Ng4 11. Nxg4 Qg5 12. Be2 Qd5 13. O-O b6 14. Bf3 Qg5 15. Bxa8 d5 16. Ne3 Bh3 17. Bxd5 Rd8 18. Bf3 Rxd4 19.
Kh1 Bxg2+ 20. Bxg2 Rh4 21. Nf3 Qg4 22. Qd8# 1-0

[Event "Live Chess"]
[Site "Chess.com"]
[Date "2024.06.01"]
[Round "-"]
[White "dl_chess"]
[Black "Berdgross"]
[Result "1-0"]
[WhiteElo "1171"]
[BlackElo "590"]
[TimeControl "300"]
[EndTime "10:40:52 PDT"]
[Termination "dl_chess won on time"]

1. e4 e5 2. Bc4 d6 3. d4 exd4 4. Qxd4 Nf6 5. e5 dxe5 6. Bxf7+ Kxf7 7. Qxd8 Bb4+ 8. Bd2 Rxd8 9. Bxb4 Nc6 10. Nc3 Nxb4 11. Rc1 a5 12. Nge2 Be6 13. a3 Nbd5 14. Nb5 Bd7 15. Nbc3 Nxc3 16. Nxc3 Bc6 17. O-O Ne4 18. Ne2 Nd2 19. Rfe1 Nc4 20. Rb1 Nd2 21. Rbd1 Ba4 22. b3 Bb5 23. Nc3 Bc6 24. Re2 Nf3+ 25. Kh1 Rxd1+ 26.
Nxd1 Nd4 27. Rxe5 Nxc2 28. a4 Rd8 29. Nc3 Rd3 30. Ne2 Rd1+ 31. Ng1 Rd2 32. f3 Rd1 33. h3 Nd4 34. Kh2 Kf6 35. Re3 Nf5 36. Rc3 Bd5 37. Rc5 Bxb3 38. Rxc7 Bxa4 39. Rxb7 Rxg1 40. Kxg1 Bc6 41. Rb6 1-0

[Event "Live Chess"]
[Site "Chess.com"]
[Date "2024.06.01"]
[Round "-"]
[White "SavagePawn7"]
[Black "ossie57"]
[Result "0-1"]
[WhiteElo "684"]
[BlackElo "1633"]
[TimeControl "300"]
[EndTime "10:40:54 PDT"]
[Termination "ossie57 won by resignation"]

1. e4 c5 2. d4 cxd4 3. c3 dxc3 4. Nxc3 e6 5. Nf3 Nc6 6. Bc4 Bb4 7. O-O Bxc3 8.
bxc3 Nge7 9. Qe2 O-O 10. Rd1 Qc7 11. g3 Ng6 12. Qd3 Nce5 13. Nxe5 Nxe5 14. Qf1 Qxc4 15. Ba3 Qxf1+ 16. Kxf1 Re8 17. Rab1 Nc4 18. Bb4 a5 19. Bc5 b6 20. Bd4 Ba6 21. Kg1 Rab8 22. Rd3 Na3 23. Rbd1 Bxd3 24. Rxd3 e5 25. Be3 h6 26. h4 Red8 27.
g4 Nc4 28. Bc1 Nd6 29. g5 Nxe4 30. gxh6 gxh6 31. f3 Nc5 32. Rd2 Kh7 33. Rg2 Rg8 34.
Rxg8 Rxg8+ 35. Kf2 Nd3+ 0-1

[Event "Live Chess"]
[Site "Chess.com"]
[Date "2024.06.01"]
[Round "-"]
[White "almalikhari"]
[Black "TigerTank70"]
[Result "0-1"]
[WhiteElo "2292"]
[BlackElo "2197"]
[TimeControl "300"]
[EndTime "10:41:02 PDT"]
[Termination "TigerTank70 won by checkmate"]

1. e4 e5 2. Nf3 Nc6 3. Bc4 Nf6 4.
O-O Be7 5. d3 O-O 6. Re1 d5 7.
exd5 Nxd5 8. Nxe5 Nxe5 9. Rxe5 Nf6 10. Nc3 Bd6 11. Re1 Ng4 12. g3 Nxh2 13. Kxh2 Qh4+ 14.
Kg1 Bxg3 15. fxg3 Qxg3+ 16. Kh1 Bg4 17. Ne4 Bf3+ 18. Qxf3 Qxf3+ 19. Kg1 Kh8 20. Re3 Qd1+ 21. Kf2 f5 22. Ng5 f4 23. Re2 h6 24. Nf7+ Kh7 25. b3 Rae8 26. Bb2 Rxe2+ 27. Kf3 Re3+ 28. Kxf4 Qf3# 0-1

[Event "Live Chess"]
[Site "Chess.com"]
[Date "2024.06.01"]
[Round "-"]
[White "GEMdzq"]
[Black "Richardallis"]
[Result "1-0"]
[WhiteElo "2330"]
[BlackElo "1961"]
[TimeControl "300"]
[EndTime "10:41:02 PDT"]
[Termination "GEMdzq won by resignation"]

1. e4 d5 2. exd5 Nf6 3. Nc3 Nxd5 4. Bb5+ c6 5. Be2 Bf5 6. d4 e6 7. Nf3 Bd6 8. O-O Nd7 9. Bg5 Qb6 10. Nxd5 cxd5 11. h3 Qxb2 12. Rb1 Qxa2 13. Rxb7 Qxc2 14. Bb5 O-O 15. Qxc2 Bxc2 16. Rxd7 a5 17. Rxd6 1-0

[Event "Live Chess"]
[Site "Chess.com"]
[Date "2024.06.01"]
[Round "-"]
[White "Frankie_Badacsonyi"]
[Black "jimwad"]
[Result "1-0"]
[WhiteElo "2435"]
[BlackElo "1241"]
[TimeControl "300"]
[EndTime "10:41:04 PDT"]
[Termination "Frankie_Badacsonyi won by resignation"]

1. Nf3 d5 2. g3 Nc6 3. d4 Nf6 4. Bg2 Bf5 5. O-O e6 6. a3 Be7 7. c4 dxc4 8. Qa4 O-O 9. Qxc4 Na5 10. Qa4 Nc6 11. Rd1 a6 12. Nc3 b5 13. Qb3 Na5 14.
Qa2 Bc2 15. Re1 Nb3 16. Bf4 Nxa1 17. Qxa1 Bd6 18. Ne5 Rc8 19. Qc1 Bb3 20. Bb7 Bxe5 21. dxe5 Nd5 22. Bxc8 Qxc8 23. e4 Nxc3 24. Qxc3 Bc4 25. b3 Bxb3 26. Qxb3 c5 27. Be3 c4 28. Qc3 Rd8 29. Rc1 Rd3 30. Qxd3 1-0

[Event "Live Chess"]
[Site "Chess.com"]
[Date "2024.06.01"]
[Round "-"]
[White "updatedopenings2024"]
[Black "MellowAesthetic"]
[Result "1-0"]
[WhiteElo "1863"]
[BlackElo "2055"]
[TimeControl "300"]
[EndTime "10:41:08 PDT"]
[Termination "updatedopenings2024 won by resignation"]

1. e4 c5 2. Nf3 d6 3. Bb5+ Bd7 4. Bxd7+ Qxd7 5. O-O Nc6 6. Re1 Nf6 7. c3 e6 8. d4 cxd4 9. cxd4 d5 10. e5 Ne4 11.
a3 Be7 12. Qd3 O-O 13. Nbd2 Nxd2 14. Bxd2 b5 15. h4 a5 16. Bg5 Rab8 17. Rac1 Rfc8 18. Bxe7 Nxe7 19. Ng5 g6 20. h5 Rc6 21. hxg6 fxg6 22.
Qh3 Nf5 23. Rxc6 1-0

[Event "Live Chess"]
[Site "Chess.com"]
[Date "2024.06.01"]
[Round "-"]
[White "StoreySniper"]
[Black "Mikhail_Golubev"]
[Result "1-0"]
[WhiteElo "2558"]
[BlackElo "2604"]
[TimeControl "300"]
[EndTime "10:41:13 PDT"]
[Termination "StoreySniper won by resignation"]

1. c4 g6 2. g3 Bg7 3. Bg2 e5 4. Nc3 Nc6 5. d3 d6 6. Nf3 f5 7. h4 h6 8. Nd5 Nce7 9. Qb3 Nxd5 10.
cxd5 Ne7 11. Nd2 O-O 12. Nc4 Kh8 13. Bd2 b6 14. Bc3 a5 15. Qc2 f4 16. O-O-O Bb7 17.
e4 fxe3 18. Nxe3 Nf5 19. Be4 Nd4 20. Qd2 Qe8 21. h5 g5 22. Bxd4 exd4 23. Nf5 Bxd5 24. Bxd5 Rxf5 25. Rde1 Qf8 26. Bxa8 Rxf2 27. Qxf2 Qxf2 28.
Rhf1 Qxg3 29. Re8+ Bf8 30. Rexf8+ 1-0

[Event "Live Chess"]
[Site "Chess.com"]
[Date "2024.06.01"]
[Round "-"]
[White "viktor_forever1994"]
[Black "NottheBishopSacrifice"]
[Result "0-1"]
[WhiteElo "1392"]
[BlackElo "2219"]
[TimeControl "300"]
[EndTime "10:41:22 PDT"]
[Termination "NottheBishopSacrifice won on time"]

1. e4 c6 2. Nf3 d5 3. exd5 cxd5 4.
d4 Nc6 5. Nc3 Bg4 6. Bb5 e6 7. O-O Bd6 8. h3 Bxf3 9. Qxf3 Ne7 10.
Re1 O-O 11. Bg5 Nxd4 12. Qg4 f5 13. Qxd4 h6 14. Bf4 Bxf4 15. Qxf4 Rf6 16. Rad1 Ng6 17. Qf3 Qb6 18. b3 a6 19. Bd3 Rc8 20. Ne2 Ne5 21.
Qe3 Qd6 22. Nd4 Nxd3 23. Qxd3 e5 24. Nxf5 Qd7 25. Ne3 d4 26. Nc4 Rcf8 27. Rf1 Qd5 28. Rde1 Rf5 29. Qe4 Qc5 30. a4 b5 31. axb5 axb5 32.
Nxe5 Rf4 33. Qd3 b4 34. Ng6 Qg5 35. Nxf4 Qxf4 36. Qe4 Qf6 37. Rd1 Rd8 38. Qg4 Kh8 39.
Qe4 Kg8 40. Qg4 h5 41. Qg3 h4 42. Qg4 Rd5 43. Qf3 Rf5 44. Qd3 Rf4 0-1

[Event "Live Chess"]
[Site "Chess.com"]
[Date "2024.06.01"]
[Round "-"]
[White "ProfPoisson"]
[Black "TC2304"]
[Result "0-1"]
[WhiteElo "1241"]
[BlackElo "2333"]
[TimeControl "300"]
[EndTime "10:41:42 PDT"]
[Termination "TC2304 won by checkmate"]

1. e4 a5 2. d4 a4 3. Nf3 e6 4. Be2 d5 5. e5 c5 6. c3 Nc6 7.
O-O Nge7 8. dxc5 Nf5 9. Bb5 Bxc5 10. b4 axb3 11. Qxb3 O-O 12. a4 Nh4 13. Bg5 Nxf3+ 14. gxf3 Qxg5+ 15. Kh1 Nxe5 16. Rg1 Qf4 17. Na3 Nxf3 18.
Rg3 Bxf2 19. Qc2 Bxg3 20. Rf1 Bxh2 21. Bd3 Qh4 22. Bxh7+ Qxh7 23. Qxh7+ Kxh7 24. Rxf3 Be5 25. Nc2 Rxa4 26. c4 Rxc4 27. Ne3 Rc3 28. Rh3+ Kg8 29.
Rh8+ Kxh8 30. Ng2 d4 31. Nh4 b5 32. Ng6+ fxg6 33. Kg2 Bb7+ 34. Kg1 Rc1# 0-1

[Event "Live Chess"]
[Site "Chess.com"]
[Date "2024.06.01"]
[Round "-"]
[White "booktrunk"]
[Black "RuslanChessN"]
[Result "0-1"]
[WhiteElo "1399"]
[BlackElo "1944"]
[TimeControl "300"]
[EndTime "10:41:52 PDT"]
[Termination "RuslanChessN won by resignation"]

1. d4 d5 2. Nc3 Bf5 3. Bf4 e6 4. Nb5 Na6 5. e3 c5 6. dxc5 Bxc5 7. c3 Nf6 8. Bd3 Bg6 9. Bxg6 hxg6 10. Ne2 Qb6 11. a4 Rc8 12. O-O Nb8 13. Ned4 Nbd7 14. Nb3 Be7 15. Bg3 Ne4 16. Nd2 Nxg3 17. fxg3 a6 18.
Nd4 Qxb2 19. Rb1 Qxc3 20. Rc1 Qxe3+ 21. Kh1 Rxc1 22. Qxc1 Qxd4 23. Qc8+ Bd8 24. Qxb7 0-1

[Event "Live Chess"]
[Site "Chess.com"]
[Date "2024.06.01"]
[Round "-"]
[White "SirGerhard"]
[Black "MagnersCarlsberg2870"]
[Result "1-0"]
[WhiteElo "2771"]
[BlackElo "1886"]
[TimeControl "300"]
[EndTime "10:41:58 PDT"]
[Termination "SirGerhard won by resignation"]

1. d4 Nf6 2. Bg5 d5 3. e3 Nbd7 4. Nf3 h6 5. Bh4 c5 6. c3 g5 7.
Bg3 Qb6 8. Qc2 e6 9. Nbd2 a5 10. a4 c4 11. b3 cxb3 12. Nxb3 Bd6 13. Bb5 Qc7 14. O-O Ne4 15. Rfc1 h5 16. c4 h4 17.
Bxd6 Qxd6 18. cxd5 exd5 19. Qxc8+ Rxc8 20. Rxc8+ Ke7 21. Rxh8 g4 22. Bxd7 gxf3 23. Bf5 fxg2 24. Bxe4 dxe4 25. Rxh4 Qb4 26. Rxe4+ Kf8 27. Nc5 b5 28. axb5 Qxb5 29. Kxg2 Qc6 30. Kg3 Qg6+ 31. Rg4 Qd6+ 32. Kg2 Qd5+ 33.
Kg1 f5 34. Rg5 Qf3 35. Rxa5 Qd1+ 36. Kg2 f4 37. Ne6+ Ke7 38. Nxf4 1-0

[Event "Live Chess"]
[Site "Chess.com"]
[Date "2024.06.01"]
[Round "-"]
[White "GEMdzq"]
[Black "Ksenia_2013"]
[Result "1-0"]
[WhiteElo "2330"]
[BlackElo "768"]
[TimeControl "300"]
[EndTime "10:42:08 PDT"]
[Termination "GEMdzq won by checkmate"]

1. e4 e5 2. d4 Nc6 3. c3 exd4 4.
Bc4 dxc3 5. Nf3 cxb2 6. Bxb2 Bc5 7. Bxf7+ Kxf7 8. Qd5+ Kf8 9. Qxc5+ Nce7 10. Qg5 Qe8 11. Qxg7# 1-0

[Event "Live Chess"]
[Site "Chess.com"]
[Date "2024.06.01"]
[Round "-"]
[White "seasidecastle27"]
[Black "KeithArkell"]
[Result "0-1"]
[WhiteElo "1950"]
[BlackElo "2515"]
[TimeControl "300"]
[EndTime "10:42:13 PDT"]
[Termination "KeithArkell won by resignation"]

1. d4 e6 2. Nf3 Nf6 3. Bf4 c5 4. e3 cxd4 5. exd4 Be7 6. c3 b6 7.
Nbd2 O-O 8. Bd3 Ba6 9. Qe2 Bxd3 10. Qxd3 d6 11. O-O Nbd7 12. Rfe1 a6 13. Rad1 b5 14. a3 Nb6 15. Ne4 Nbd5 16. Bg5 h6 17. Bxf6 Nxf6 18. Nxf6+ Bxf6 19. Nd2 d5 20. Nf3 Rb8 21. Ne5 Bxe5 22. dxe5 a5 23. Qe3 Qc7 24.
Rd4 b4 25. axb4 axb4 26. Rxb4 Rxb4 27. cxb4 Qc4 28. Qc5 Rc8 29. Qxc4 Rxc4 30. g3 Rxb4 31. Re2 g5 32. h3 h5 33. Kg2 Kg7 34. f3 h4 35. g4 Kg6 36. Kf2 Rc4 37. Rd2 Rc1 38. Re2 Rh1 39. Kg2 Rb1 40. Rc2 Re1 41. b4 Rb1 42. f4 Rxb4 43. fxg5 Kxg5 44. Rf2 Kg6 45. Rf6+ Kg7 46. Rh6 Kxh6 0-1

[Event "Live Chess"]
[Site "Chess.com"]
[Date "2024.06.01"]
[Round "-"]
[White "Tatarinov_Maxim"]
[Black "lateforthesky"]
[Result "1/2-1/2"]
[WhiteElo "2294"]
[BlackElo "2183"]
[TimeControl "300"]
[EndTime "10:42:16 PDT"]
[Termination "Game drawn by repetition"]

1. Nf3 Nf6 2. g3 g6 3. Bg2 Bg7 4. O-O O-O 5. c4 d6 6. d4 Nbd7 7.
d5 Nb6 8. Qb3 c6 9. dxc6 bxc6 10. Nd4 Qc7 11. Nc3 Be6 12. Nxc6 Bxc4 13. Qc2 Rac8 14.
Be3 Qd7 15. Nd4 e5 16. Nf3 Nbd5 17. Nxd5 Nxd5 18. Qd2 Nf6 19. Rfd1 Rfd8 20. Bg5 Be6 21. b3 h6 22. Bxf6 Bxf6 23. Rac1 Bg7 24. Rxc8 Qxc8 25. Rc1 Qd7 26. Qa5 Rc8 27. Qd2 Rxc1+ 28. Qxc1 d5 29. Nd2 f5 30. Qc5 e4 31. b4 d4 32. a4 d3 33. e3 Bf8 34. Qa5 Qc6 35. b5 Qc1+ 36. Nf1 Ba3 37. b6 axb6 38. Qxb6 Bf7 39. a5 d2 40. Qd8+ Kg7 41. Qxd2 Qxd2 42. Nxd2 Bb4 43.
Nf1 Bxa5 44. g4 Kf6 45. gxf5 gxf5 46. Ng3 Ke5 47. Bf1 Bb3 48. Ne2 Be1 49. Bh3 Be6 50.
Nd4 Bd7 51. Kf1 Bc3 52. Nc2 f4 53. exf4+ Kxf4 54. Ne3 Bxh3+ 55. Ke2 Bg4+ 56. Kf1 Bf3 57. Nd5+ Kg4 58. Nxc3 Kh3 59. Nd5 Kxh2 60. Ne3 h5 61. Nf5 h4 62. Nxh4 Kh3 63. Nxf3 exf3 64. Kg1 Kg4 65. Kh2 Kh4 66. Kh1 Kh3 67. Kg1 Kg4 68. Kh1 Kh4 69. Kh2 Kg4 70. Kg1 Kh4 71. Kh1 Kg4 72. Kh2 Kh4 73. Kg1 Kg4 1/2-1/2

[Event "Live Chess"]
[Site "Chess.com"]
[Date "2024.06.01"]
[Round "-"]
[White "Richardallis"]
[Black "updatedopenings2024"]
[Result "1-0"]
[WhiteElo "1975"]
[BlackElo "1851"]
[TimeControl "300"]
[EndTime "10:42:21 PDT"]
[Termination "Richardallis won by resignation"]

1. d4 c5 2. d5 Nf6 3. c4 d6 4. Nc3 e6 5. e4 exd5 6. exd5 g6 7. Bd3 Bg7 8. Bg5 O-O 9. Nge2 Nbd7 10. O-O Ne5 11.
Ng3 Nxd3 12. Qxd3 a6 13. Qd2 Qa5 14. Qf4 Qc7 15. Bxf6 1-0

[Event "Live Chess"]
[Site "Chess.com"]
[Date "2024.06.01"]
[Round "-"]
[White "Ninifu"]
[Black "LaupMiths"]
[Result "1-0"]
[WhiteElo "2030"]
[BlackElo "1825"]
[TimeControl "300"]
[EndTime "10:42:28 PDT"]
[Termination "Ninifu won by resignation"]

1. d4 Nf6 2. c4 g6 3. Nc3 Bg7 4.
e4 d6 5. f4 O-O 6. Nf3 c5 7. d5 b5 8. cxb5 a6 9. a4 axb5 10. Bxb5 Ba6 11. Bd2 e6 12. dxe6 fxe6 13. O-O d5 14. e5 Ne4 15. Nxe4 dxe4 16. Ng5 Bxb5 17. Nxe6 Qd3 18. Nxf8 Qxf1+ 19. Qxf1 Bxf1 20. Ne6 Bd3 21. Nxc5 Nc6 22. Bc3 g5 23. g3 gxf4 24. gxf4 Bh6 25. Kf2 Bxf4 26. Rg1+ Kf7 27. e6+ Ke7 28.
Rg7+ Kd6 29. b4 Nxb4 30. Bxb4 e3+ 31. Kf3 Bxh2 32. Nxd3+ 1-0

[Event "Live Chess"]
[Site "Chess.com"]
[Date "2024.06.01"]
[Round "-"]
[White "Queensandpawns"]
[Black "Isambard_Thomas"]
[Result "0-1"]
[WhiteElo "2453"]
[BlackElo "2151"]
[TimeControl "300"]
[EndTime "10:42:34 PDT"]
[Termination "Isambard_Thomas won by checkmate"]

1. e4 Nc6 2. d4 d5 3. Nc3 dxe4 4. d5 Ne5 5. Nxe4 Nf6 6. Nxf6+ exf6 7. c4 Bd6 8. Be2 O-O 9. Be3 b6 10. Nf3 Bf5 11.
O-O Re8 12. Nd4 Bd7 13. Qd2 Qe7 14. Rfe1 c5 15. Nc2 f5 16. f4 Ng4 17. Bxg4 fxg4 18. Re2 Qf6 19. Rae1 Bf5 20. b3 h5 21. b4 Re7 22.
bxc5 bxc5 23. Na3 a6 24. Qa5 Rae8 25. Qxa6 Bd3 26. Kf2 Rxe3 27. Rxe3 Qxf4+ 28. Rf3 Qd2+ 29. Kg1 Qxe1+ 30. Rf1 Qxf1# 0-1